 Dungeon Crawl Stone Soup version 0.25-a0-578-gc91f01c39c (webtiles) character file.

Game seed: 15015947339502721259, levelgen mode: deterministic

73 MisterFreud the Skirmisher (level 4, 0/39 HPs)
             Began as a Formicid Abyssal Knight on Mar 5, 2020.
             Was a Believer of Lugonu.
             Slain by an orc wizard
             ... wielding a +0 dagger
              (3 damage)
             ... on level 3 of the Dungeon.
             The game lasted 00:02:55 (1617 turns).

MisterFreud the Skirmisher (FoAK)                   Turns: 1617, Time: 00:02:55

Health: 0/39       AC:  4    Str: 17    XL:     4   Next: 51%
Magic:  5/5        EV: 11    Int: 12    God:    Lugonu [**....]
Gold:   98         SH:  0    Dex: 10    Spells: 3/3 levels left

rFire    . . .     SeeInvis +   a - +1 hand axe
rCold    . . .     Gourm    .   (no shield)
rNeg     . . .     Faith    .   b - +0 leather armour
rPois    .         Spirit   .   (helmet unavailable)
rElec    .         Reflect  .   i - scarf {cloud immunity}
rCorr    .         Harm     .   m - +0 pair of gloves
MR       .....                  (no boots)
Stlth    +.........             (no amulet)
HPRegen  0.13/turn              (no ring)
MPRegen  0.09/turn              (no ring)

@: mighty, stab
A: permanent stasis, dig shafts and tunnels, four strong arms, antennae 3
a: Dig, Shaft Self, Depart the Abyss, Bend Space, Renounce Religion


You were on level 3 of the Dungeon.
You worshipped Lugonu.
Lugonu was pleased with you.
You were not hungry.

You visited 1 branch of the dungeon, and saw 3 of its levels.
You visited the Abyss 1 time.

You collected 98 gold pieces.

Inventory:

Hand Weapons
 a - a +1 hand axe (weapon)
Armour
 b - a +0 leather armour (worn)
 i - a scarf of cloud immunity (worn)
 m - a +0 pair of gloves (worn)
Scrolls
 d - a scroll of fog {unknown}
 g - 2 scrolls of identify {unknown}
 h - a scroll of enchant armour {unknown}
 k - a scroll of immolation {unknown}
 l - a scroll of random uselessness {unknown}
Potions
 n - a potion of brilliance {unknown}
Comestibles
 c - 3 rations


   Skills:
 * Level 5.5 Fighting
 - Level 2.0 Axes
 - Level 2.1 Armour
 - Level 0.8 Dodging
 - Level 2.1 Invocations


You had 3 spell levels left.
You didn't know any spells.
Your spell library was empty.

Dungeon Overview and Level Annotations

Branches:
Dungeon (3/15)

Altars:
Nemelex Xobeh


Innate Abilities, Weirdness & Mutations

You cannot be hasted, slowed, berserked, paralysed or teleported.
You can dig through walls and to a lower floor.
Your four strong arms can wield two-handed weapons with a shield.
You have a pair of large antennae on your head. (SInv)


Message History

You barely miss the orc. The orc wizard casts a spell at you.
The puff of frost hits you! The orc barely misses you.
The orc wizard closely misses you.
You miss the orc wizard.
The orc wizard is lightly wounded.
You hit the orc.
The orc wizard points at you and mumbles some strange words.
The puff of frost hits you!
* * * LOW HITPOINT WARNING * * *
The orc closely misses you.
The orc wizard hits you but does no damage.
It was a potion of stabbing.
You feel ready to backstab.
The orc wizard hits you but does no damage.
The orc closely misses you.
It was a potion of might.
You feel very mighty all of a sudden.
The orc wizard hits you with a +0 dagger.
You die...

###############
#....<.....(..###
#.#####...o.....#
#........@o....$.
{
#...###.#####.#.#
#........##.#
####.....##.#
..........#
###.....####
##...## #.### #.


You could see an orc wizard and an orc.

Vanquished Creatures
  3 adders
  A worm (D:2)
  A dart slug (D:2)
  A leopard gecko (D:2)
  A ball python (D:1)
  2 bats (D:2)
  A giant cockroach (D:1)
  5 goblins
  3 hobgoblins
  8 jackals
  3 frilled lizards (D:2)
  4 kobolds
  7 rats
40 creatures vanquished.

Notes
Turn   | Place    | Note
-------+----------+-------------------------------------------
     0 | Abyss:1  | MisterFreud the Formicid Abyssal Knight began the quest for
                  | the Orb.
     0 | Abyss:1  | Reached XP level 1. HP: 18/18 MP: 2/2
    14 | D:1      | Escaped the Abyss
    83 | D:1      | You fall into a shaft and drop 1 floor!
   304 | D:1      | Reached XP level 2. HP: 25/25 MP: 3/3
   350 | D:1      | Reached skill level 4 in Fighting
   515 | D:2      | Reached ** piety under Lugonu
   542 | D:2      | Reached XP level 3. HP: 16/31 MP: 4/4
  1063 | D:2      | Found a sparkling altar of Nemelex Xobeh.
  1107 | D:2      | Reached skill level 5 in Fighting
  1107 | D:2      | Reached XP level 4. HP: 37/39 MP: 5/5
  1407 | D:2      | Found a faded altar of an unknown god.
  1617 | D:3      | Slain by an orc wizard

Levels and vault maps discovered:
D:1:      ncdulo_lavacross, layout_basic, minivault_11, minmay_pentomino_z2
D:2:      layout_loops_ring, chequers_ecumenical_altar_simple,
          nemelex_diamond_rough_becter
D:3:      layout_loops_ring

Skill      XL: |  1  2  3 |
---------------+----------+-----
Fighting       | 4 5 |  5.5
Axes           | |  2.0
Armour         | |  2.1
Dodging        | |  0.8
Invocations    | |  2.1

Action                   |  1- 3 |  4- 6 || total
-------------------------+-------+-------++-------
Melee: Hand axe          |    80 |    40 ||   120
  Use: Potion            |       |     2 ||     2
  Eat: Chunk             |     1 |     1 ||     2
Armor: Leather armour    |    30 |     8 ||    38
Dodge: Dodged            |    60 |    38 ||    98

Table legend:
 A = Non-vault XP
 B = Vault XP
 C = Vault XP percentage of total XP
 D = Non-vault monster count
 E = Vault monster count
 F = Vault count percentage of total count
                 A         B        C        D         E       F
            +---------+---------+-------+---------+---------+-------
      Total |     103 |       2 |   1.9 |      39 |       1 |   2.5
            +---------+---------+-------+---------+---------+-------
        D:1 |      20 |       2 |   9.1 |      12 |       1 |   7.7
        D:2 |      70 |       0 |   0.0 |      26 |       0 |   0.0
        D:3 |      13 |       0 |   0.0 |       1 |       0 |   0.0
            +---------+---------+-------+---------+---------+-------
